 Dungeon Crawl Stone Soup version 0.31-a0-431-g88bdf31460 (webtiles) character file.

Game seed: 4258840581200701830

87 Flugkiller the Changeling (level 4, 1/39 HPs)
             Began as a Deep Elf Shapeshifter on July 31, 2023.
             Quit the game on level 3 of the Dungeon.
             The game lasted 00:02:26 (1838 turns).

Flugkiller the Changeling (Deep Elf Shapeshifter)   Turns: 1838, Time: 00:02:26

Health: 1/39       AC: 22    Str: 12    XL:     4   Next: 28%
Magic:  6/6        EV:  2    Int: 13    God:
Gold:   116        SH:  0    Dex: 17    Spells: 3/3 levels left

rFire   . .          .
                       - Unarmed
rCold   . . .        (no shield)
rNeg    . . .        g - melded +0 ring mail
rPois   +            (helmet currently unavailable)
rElec   .            (cloak currently unavailable)
rCorr   .            (gloves currently unavailable)
SInv    .            (boots currently unavailable)
Will    .....        (no amulet)
Stlth   ++           (no ring)
HPRegen 0.26/turn    (no ring)
MPRegen 0.10/turn

%: no passive effects
@: tree-form
A: stationary, stasis, torment immunity, boosted hp
a: no special abilities


You were on level 3 of the Dungeon.
You were a tree.
You visited 1 branch of the dungeon, and saw 3 of its levels.

You collected 116 gold pieces.

Inventory:

Armour
 a - a +0 animal skin
 g - a +0 ring mail (melded)
   (You found it on level 2 of the Dungeon)
 i - a scarf of repulsion
   (You found it on level 2 of the Dungeon)
Talismans
 c - a beast talisman
Wands
 e - a wand of flame (17)
   (You found it on level 2 of the Dungeon)
 h - a wand of roots (6)
   (You found it on level 2 of the Dungeon)
Scrolls
 f - a scroll of amnesia {unknown}
 j - a scroll of teleportation {unknown}
 k - a scroll of identify {unknown}
Potions
 d - 2 potions of might
 l - a potion of degeneration {unknown}


   Skills:
 - Level 2.0 Fighting
 - Level 2.4 Dodging
 - Level 2.4 Unarmed Combat
 + Level 4.5 Shapeshifting


You had 3 spell levels left.
You didn't know any spells.
Your spell library contained the following spells:

 Spells                   Type           Power      Damage    Failure   Level
 Freeze                   Ice            0%         1d3       30%         1
 Ensorcelled Hibernation  Hex/Ice        0%         N/A       43%         2
 Passwall                 Tmut/Erth      0%         N/A       43%         2
 Frozen Ramparts          Ice            0%         1d1       67%         3
 Hailstorm                Conj/Ice       0%         3d3       67%         3
 Swiftness                Air            0%         N/A       67%         3


Dungeon Overview and Level Annotations

Branches:
Dungeon (3/15) Zot: 16116

Altars:
Uskayaw
Zin


Message History

The bat hits you.
A worm comes into view.
An orc comes into view. It is wielding a +0 hand axe.
The bat hits you but does no damage.
The orc throws a boomerang.
The boomerang barely misses you.
The orc throws a boomerang.
The boomerang barely misses you. The bat hits you but does no damage.
Things that are here:
a +0 club; a +0 leather armour The bat hits you but does no damage.
There is a stone staircase leading up, spattered with blood here.
You climb upwards.
There is a stone staircase leading down here.
There is a stone staircase leading down here.
There is an escape hatch in the floor here.
You start resting.
HP restored.
You slide downwards.
The hatch slams shut behind you.
You hear the sound of rushing water.
There is an entrance to a sewer on this level.
Hurry and find it before the portal rusts away!
You hear the slow rusting of a very distant drain.
The orc shouts!
Found a glowing scarf and a scroll labelled NEMERY NINUF.
Found a hide-covered altar of Uskayaw.
You barely miss the worm. The worm closely misses you.
You hit the worm but do no damage. You punch the worm!
The worm is heavily wounded.
The worm bites you but does no damage.
You hit the worm.
The worm is severely wounded.
You hit the worm.
You kill the worm!
The quokka bites you but does no damage.
You hit the quokka but do no damage. The quokka closely misses you.
You hit the quokka.
The quokka is moderately wounded.
The orc hits you but does no damage. The quokka closely misses you.
You hit the quokka.
The quokka is heavily wounded.
The orc hits you with a +0 hand axe. The quokka closely misses you.
You hit the quokka but do no damage.
The quokka is heavily wounded.
The quokka barely misses you. The orc barely misses you.
You closely miss the quokka.
The quokka is heavily wounded.
The quokka bites you but does no damage.
The orc hits you with a +0 hand axe.
You closely miss the quokka.
The quokka is moderately wounded.
The quokka bites you. The orc hits you but does no damage.
You hit the quokka.
The quokka is heavily wounded.
The quokka bites you but does no damage.
The orc hits you with a +0 hand axe.
The quokka bites you but does no damage.
You completely miss the quokka.
The quokka is heavily wounded.
The orc hits you with a +0 hand axe. The quokka barely misses you.
You miss the quokka.
The quokka is heavily wounded.
The quokka bites you.
* * * LOW HITPOINT WARNING * * *
The orc hits you but does no damage.
You punch the quokka!
You kill the quokka!
The orc hits you with a +0 hand axe.
* * * LOW HITPOINT WARNING * * *
You hit the orc.
The orc is heavily wounded.
The orc barely misses you.
You punch the orc!
You kill the orc!
A gnoll comes into view. It is wielding a +0 club.
The gnoll shouts!
You hear a shout! x2
A gnoll comes into view. It is wielding a +0 club.
Something unseen opens the door.
Found a viscous white potion.
Found a glowing silver altar of Zin.
Really quaff the potion of lignification?
Your transformation has ended.
You turn into a tree.
Your +0 ring mail melds into your body.
Your roots penetrate the ground.
You barely miss the gnoll. The gnoll hits you but does no damage.
You hit the gnoll but do no damage. You barely miss the gnoll.
The gnoll hits you with a +0 club.
* * * LOW HITPOINT WARNING * * *
You barely miss the gnoll. The gnoll hits you with a +0 club.
* * * LOW HITPOINT WARNING * * *
You hit the gnoll but do no damage. The gnoll completely misses you.
You closely miss the gnoll. The gnoll hits you but does no damage.
You closely miss the gnoll. The gnoll hits you but does no damage.
You barely miss the gnoll. The gnoll hits you with a +0 club.
* * * LOW HITPOINT WARNING * * *
You hit the gnoll.
The gnoll is lightly wounded.
The gnoll hits you but does no damage.
Okay, then.
Okay, then.
Are you sure you want to abandon this character and quit the game? (Confirm with "yes".)

#####
...........†.).....
##g####g...........8
.....§'.............
≈...≈.#...w.w...#...
≈._.≈^#......#### #.
≈...≈.#......# .
.!....§.######
##+####w# #.♣ggg.#
########


You could see a worm and 3 gnolls.

Vanquished Creatures
  2 adders (D:2)
  A worm (D:3)
  2 dart slugs (D:1)
  2 orcs (D:3)
  6 bats
  3 endoplasms
  3 giant cockroaches
  8 goblins
  6 hobgoblins
  5 kobolds
  2 quokkas
  3 ball pythons
  14 frilled lizards
  4 rats
61 creatures vanquished.

Notes
Turn   | Place    | Note
-------+----------+-------------------------------------------
     0 | D:1      | Flugkiller the Deep Elf Shapeshifter began the quest for
                  | the Orb.
     0 | D:1      | Reached XP level 1. HP: 11/11 MP: 3/3
    21 | D:1      | Reached skill level 1 in Fighting
   179 | D:1      | Reached XP level 2. HP: 15/17 MP: 4/4
   775 | D:1      | Reached XP level 3. HP: 21/21 MP: 5/5
   882 | D:2      | Reached skill level 4 in Shapeshifting
  1003 | D:2      | HP: 1/21 [poisoned by an adder]
  1390 | D:2      | Reached XP level 4. HP: 26/26 MP: 6/6
  1798 | D:3      | Found a hide-covered altar of Uskayaw.
  1822 | D:3      | Found a glowing silver altar of Zin.
  1836 | D:3      | HP: 1/39 [gnoll/+0 club (5)]
  1838 | D:3      | Quit the game

Illustrated notes

Levels and vault maps discovered:
D:1:      minmay_arrival_stair_chambers, layout_basic, minmay_lizard_king
D:2:      layout_loops_ring, small_statue_intersection, kennysheep_flooded_box,
          minmay_misc_feat_plants, serial_bayou_lake_a
D:3:      layout_rooms, mainiacjoe_overflow_six_doors_small,
          nicolae_qazlal_style_of_elements, nicolae_uskayaw_dance_hall,
          cheibrodos_sewer_entry_bend, minivault_11

Skill      XL: |  1  2  3 |
---------------+----------+-----
Fighting       | 1 2 |  2.0
Shapeshifting  | 4 |  4.5
Dodging        | |  2.4
Unarmed Combat | |  2.4

Action                     |  1- 3 |  4- 6 || total
---------------------------+-------+-------++-------
  Melee: Unarmed           |   127 |    57 ||   184
         Punch             |     4 |       ||     4
    Use: Potion            |     3 |     1 ||     4
         Scroll            |     1 |       ||     1
 Armour: Animal skin       |    15 |       ||    15
         Ring mail         |    13 |    20 ||    33
         Skin              |       |     4 ||     4
  Dodge: Dodged            |    64 |    28 ||    92

Table legend: (Time is in decaauts)
 A = Elapsed time spent in this place.
 B = Non-inter-level travel time spent in this place.
 C = Inter-level travel time spent in this place.
 D = Time resting spent in this place.
 E = Time spent auto-exploring this place.
 F = Levels seen in this place.
 G = Mean time per level.
                   A        B        C        D        E       F      G
               +--------+--------+--------+--------+--------+-----+--------+
         Total |   1883 |   1830 |     53 |    214 |   1146 |   3 |  627.7 |
       Dungeon |   1883 |   1830 |     53 |    214 |   1146 |   3 |  627.7 |
               +--------+--------+--------+--------+--------+-----+--------+

Top non-repeatable levels by time:
     D:2: 969 daAuts
     D:1: 815 daAuts
     D:3: 99 daAuts
